 Dungeon Crawl Stone Soup version 0.27.1-33-g824d729ab1 (webtiles) character file.

Game seed: 18163293034302673854

35 Silvore the Slasher (level 3, -2/27 HPs)
             Began as a Demonspawn Gladiator on Dec 15, 2021.
             Killed from afar by Sigmund (9 damage)
             ... with a magic dart
             ... on level 2 of the Dungeon.
             The game lasted 00:01:56 (881 turns).

Silvore the Slasher (Demonspawn Gladiator)           Turns: 881, Time: 00:01:58

Health: -2/27      AC:  4    Str: 15    XL:     3   Next: 17%
Magic:  3/3        EV: 12    Int:  9    God:
Gold:   38         SH:  0    Dex: 14    Spells: 2/2 levels left

rFire    . . .     SeeInvis .   a - +0 long sword
rCold    . . .     Faith    .   (no shield)
rNeg     . . .     Spirit   .   b - +0 leather armour
rPois    .         Reflect  .   c - +0 helmet
rElec    .         Harm     .   (no cloak)
rCorr    .         Rampage  .   (no gloves)
Will     .....                  (no boots)
Stlth    +.........             (no amulet)
HPRegen  0.09/turn              (no ring)
MPRegen  0.08/turn              (no ring)

@: confused
A: powered by pain 1
a: no special abilities


You were on level 2 of the Dungeon.
You visited 1 branch of the dungeon, and saw 2 of its levels.

You collected 38 gold pieces.

Inventory:

Hand Weapons
 a - a +0 long sword (weapon)
Missiles
 d - 3 throwing nets (quivered)
Armour
 b - a +0 leather armour (worn)
 c - a +0 helmet (worn)
Scrolls
 e - a scroll of vulnerability {unknown}
 g - a scroll of torment {unknown}
 h - a scroll of acquirement {unknown}
 k - a scroll of immolation {unknown}
Potions
 f - a potion of magic {unknown}
 i - a potion of might {unknown}
 j - a potion of invisibility {unknown}


   Skills:
 + Level 2.1 Fighting
 + Level 3.4 Long Blades
 + Level 1.7 Throwing
 + Level 0.7 Armour
 + Level 2.9 Dodging


You had 2 spell levels left.
You didn't know any spells.
Your spell library contained the following spells:

 Spells                   Type           Power      Damage    Failure   Level
 Foxfire                  Conj/Fire      0%         2x1d4     45%         1
 Static Discharge         Conj/Air       0%         N/A       58%         2
 Conjure Flame            Conj/Fire      0%         6-21      83%         3
 Inner Flame              Hex/Fire       0%         N/A       83%         3
 Cause Fear               Hex            0%         N/A       99%         4
 Dispel Undead            Necr           0%         3d6       99%         4
 Sticky Flame             Conj/Fire      0%         2d3       99%         4
 Dragon Form              Tmut           0%         N/A       100%        7
 Dragon's Call            Summ           0%         N/A       100%        9


Dungeon Overview and Level Annotations

Branches:
Dungeon (2/15)

Altars:

Annotations:
D:2 Sigmund


Innate Abilities, Weirdness & Mutations

You sometimes gain a little power by taking damage.


Message History

You barely miss Sigmund.
Sigmund is moderately wounded.
The bat closely misses you. Sigmund misses you.
You slash Sigmund!
Sigmund is severely wounded.
The bat hits you but does no damage. Sigmund barely misses you.
You hit Sigmund.
Sigmund is severely wounded.
The bat hits you but does no damage. Sigmund hits you with a +0 scythe.
* * * LOW HITPOINT WARNING * * *
You completely miss Sigmund.
Sigmund is severely wounded.
The bat closely misses you.
You riposte.
You closely miss the bat. Sigmund completely misses you.
You riposte.
You closely miss Sigmund.
Sigmund is severely wounded.
You hit Sigmund but do no damage.
Sigmund is severely wounded.
The bat hits you but does no damage. The bat barely misses you.
You hit Sigmund.
Sigmund is severely wounded.
The bat closely misses you. Sigmund gestures at you while chanting.
You resist with significant effort.
You closely miss Sigmund.
Sigmund is severely wounded.
The bat closely misses you. Sigmund casts a spell at you.
You are confused.
Sigmund closely misses you.
You miss Sigmund.
Sigmund is severely wounded.
The bat closely misses you. The bat barely misses you.
The bat closely misses you.
You closely miss Sigmund.
Sigmund is severely wounded.
The bat hits you.
* * * LOW HITPOINT WARNING * * *
Sigmund casts a spell at you. The magic dart hits you!
You die...

.........# #
...........
........(#.
..........
.........#
#......b#
#.....@.#
.#....†@.##.###
..............#
....#.#.###.#.#
..# #.#.###.# .
#.......#
###<#####
#..............
#..####.#######
..#


You could see Sigmund and a bat.

Vanquished Creatures
  An adder (D:2)
  A dart slug (D:1)
  3 ball pythons (D:1)
  3 bats (D:1)
  3 endoplasms (D:1)
  2 giant cockroaches (D:1)
  A hobgoblin (D:1)
  A frilled lizard (D:1)
  2 goblins (D:1)
  4 kobolds (D:1)
  2 rats (D:1)
23 creatures vanquished.

Vanquished Creatures (others)
  A plant (D:1)
1 creature vanquished.

Grand Total: 24 creatures vanquished

Notes
Turn   | Place    | Note
-------+----------+-------------------------------------------
     0 | D:1      | Silvore the Demonspawn Gladiator began the quest for the
                  | Orb.
     0 | D:1      | Reached XP level 1. HP: 16/16 MP: 1/1
   125 | D:1      | Reached skill level 3 in Long Blades
   206 | D:1      | Gained mutation: You sometimes gain a little power by
                  | taking damage. [demonic ancestry]
   206 | D:1      | Reached XP level 2. HP: 17/22 MP: 2/2
   862 | D:2      | Noticed Sigmund
   871 | D:2      | Reached XP level 3. HP: 12/27 MP: 3/3
   881 | D:2      | Killed from afar by Sigmund

Illustrated notes

Levels and vault maps discovered:
D:1:      tarquinn_simple_flora_water_d, layout_basic
D:2:      layout_basic, shapermc_ecumenical_altar_ellora,
          grunt_decor_resistance, minivault_26, uniq_sigmund, uniq_jessica,
          uniq_natasha

Skill      XL: |  1 |
---------------+----+-----
Long Blades    | 3 |  3.4
Fighting       | |  2.1
Throwing       | |  1.7
Armour         | |  0.7
Dodging        | |  2.9

Action                   || total
-------------------------++-------
Melee: Long sword        ||    74
 Stab: Sleeping          ||     1
Armor: Leather armour    ||    34
Dodge: Dodged            ||    57
       Rpst.: Long sword ||    14
